 Dungeon Crawl Stone Soup version 0.24-a0-201-gf205589 (console) character file.

Game seed: 13199650136174707657

3385 bli the Thaumaturge (level 9, -5/69 (70) HPs)
             Began as a Grey Draconian Conjurer on Mar 24, 2019.
             Was a Follower of Qazlal.
             Slain by a death yak (21 damage)
             ... on level 9 of the Dungeon.
             The game lasted 00:46:00 (9139 turns).

bli the Thaumaturge (Grey Draconian Conjurer)       Turns: 9139, Time: 00:46:01

HP:   -5/69 (70)    AC: 12    Str: 10    XL:     9   Next: 74%
MP:   6/31          EV: 14    Int: 19    God:    Qazlal [*.....]
Gold: 512           SH:  1    Dex: 12    Spells: 15/26 levels left

rFire    + + .     SeeInvis .   a - +3 dagger {freeze, rF+ rC+ Stlth-}
rCold    + . .     Gourm    .   (no shield)
rNeg     . . .     Faith    .   (armour unavailable)
rPois    .         Spirit   .   (helmet restricted)
rElec    .         Reflect  .   (no cloak)
rCorr    .         Harm     .   (no gloves)
MR       .....                  (no boots)
Stlth    +.........             (no amulet)
HPRegen  0.21/turn              q - ring of magical power
MPRegen  0.22/turn              S - ring of protection from fire

@: no status effects
A: walk through water, unfitting armour, unbreathing, cold-blooded, AC +12
a: Renounce Religion


You were on level 9 of the Dungeon.
You worshipped Qazlal.
Qazlal was aware of your devotion.
You were hungry.

You visited 2 branches of the dungeon, and saw 10 of its levels.

You collected 512 gold pieces.

Inventory:

Hand Weapons
 a - the +3 dagger of Capital Punishment (weapon) {freeze, rF+ rC+ Stlth-}
   (You found it on level 6 of the Dungeon)

   It has been specially enchanted to freeze those struck by it, causing extra
   injury to most foes and up to half again as much damage against particularly
   susceptible opponents.
   It can also slow down cold-blooded creatures.
   It protects you from fire.
   It protects you from cold.
   It makes you less stealthy.
 d - a +0 club
 e - a +0 whip
 i - a +0 halberd
 k - a +0 dagger of venom
 n - a +0 flail
 r - a +0 hand crossbow
 v - a +0 falchion
 x - a +2 dagger of chaos
 z - a +0 blowgun
 A - a +1 short sword of venom
 E - a +3 hand axe
 P - a +0 falchion of slicing
Missiles
 c - 241 stones (quivered)
 f - 34 sling bullets
 y - 23 poisoned needles
 B - 18 bolts
 G - 5 tomahawks
 M - 3 javelins
Jewellery
 q - a ring of magical power (left hand)
 K - a +2 ring of dexterity
 S - a ring of protection from fire (right hand)
Wands
 o - a wand of polymorph (3)
 C - a wand of iceblast (9)
 L - a wand of enslavement (16)
 O - a wand of acid (7)
Scrolls
 h - 3 scrolls of teleportation {unknown}
 j - a scroll of fear {unknown}
 l - 2 scrolls of amnesia {unknown}
 m - 2 scrolls of noise {unknown}
 t - 5 scrolls of blinking {unknown}
 u - 6 scrolls of remove curse {unknown}
 D - 2 scrolls of immolation {unknown}
 F - a scroll of magic mapping {unknown}
 I - 11 scrolls of identify {unknown}
 J - 3 scrolls of fog {unknown}
 N - a scroll of summoning {unknown}
 T - 2 scrolls of enchant weapon {unknown}
 U - a scroll of enchant armour {unknown}
Potions
 g - 2 potions of heal wounds
 p - 4 potions of curing
 s - a potion of haste {unknown}
 w - 2 potions of agility
 H - a potion of lignification {unknown}
 Q - a potion of cancellation {unknown}
 V - a potion of degeneration {unknown}
Comestibles
 b - 13 rations
 R - 5 chunks of flesh


   Skills:
 + Level 3.4 Fighting
 + Level 4.7 Dodging
 + Level 3.6 Stealth
 * Level 9.1 Spellcasting
 + Level 8.3 Conjurations
 + Level 0.9 Hexes


You had 15 spell levels left.
You knew the following spells:

 Your Spells              Type           Power        Failure   Level  Hunger
a - Magic Dart            Conj           ####         1%          1    None
b - Iskenderun's Mystic   Conj           #####...     2%          4    ###....
d - Dazzling Spray        Conj/Hex       ####..       3%          3    None
r - Searing Ray           Conj           #####.       1%          2    None
A - Apportation           Tloc           #.....       9%          1    None

Your spell library contained the following spells:

 Spells                   Type           Power        Failure   Level  Hunger
 Shock                    Conj/Air       ###.         1%          1    None
 Static Discharge         Conj/Air       ###.....     4%          3    None
 Confusing Touch          Hex            ##....       5%          1    None
 Animate Skeleton         Necr           N/A          9%          1    None
 Summon Small Mammal      Summ           #...         9%          1    None
 Swiftness                Chrm/Air       #.......     12%         2    None
 Fulminant Prism          Conj/Hex       ####......   12%         4    ###....
 Force Lance              Conj/Tloc      ###.....     14%         4    ###....
 Lightning Bolt           Conj/Air       ###.......   38%         5    #####..
 Airstrike                Air            #.........   63%         4    ###....


Dungeon Overview and Level Annotations

Branches:
Dungeon (9/15)             Temple (1/1) D:7
   Lair: D:8-11         Orc: D:9-12

Altars:
Cheibriados
Elyvilon
Fedhas
Gozag
Hepliaklqana
Kikubaaqudgha
Makhleb
Nemelex Xobeh
Okawaru
Qazlal
Ru
Sif Muna
Trog
Uskayaw
Vehumet
Wu Jian
Xom
Yredelemnul
Zin
The Shining One

Shops:
D:5 :


Innate Abilities, Weirdness & Mutations

You can walk through water.
Your dull iron-grey scales are very hard. (AC +12)
You cannot fit into any form of body armour.
You can survive without breathing.
You are cold-blooded and may be slowed by cold attacks.


Message History

You open the door.
The orc throws a tomahawk of returning.
The tomahawk of returning barely misses you.
The weapon returns to the orc!
The death yak closely misses you.
The orc throws a tomahawk of returning.
The tomahawk of returning hits you but does no damage.
There is an open door here.
You see here a tomahawk of returning.
You hit the death yak but do no damage.
The death yak is heavily wounded.
The death yak barely misses you.
You hit the death yak but do no damage.
The death yak is heavily wounded.
The death yak gores you!!
Found a stone staircase leading up.
The orc throws a tomahawk of returning.
The tomahawk of returning misses you.
You see here a tomahawk of returning.
You open the door. The death yak gores you!!
* * * LOW HITPOINT WARNING * * *
The death yak gores you!!
You die...

####### ###########.......
..........@.......
........°Y#.#####. .........o#.#
........(.#.# ..........#.#
<####..###.# #.
###+####(##...##### ..
..........#....#..# # ..
..........#....'..# .#
#'########..###....#.)# .#######
#..##...##..#......##'##..##..#..


You could see a death yak and an orc.

Vanquished Creatures
  Sigmund (D:3)
  Duvessa (D:7)
  4 ice beasts
  3 orc warriors (D:8)
  A necrophage (D:6)
  A phantom (D:4)
  3 ogres
  3 centaurs
  Blork the orc (D:5)
  2 big kobolds
  A bullfrog (D:9)
  A wyvern zombie (D:6)
  A wyvern skeleton (D:8)
  Dowan (D:7)
  4 killer bees (D:8)
  A quasit (D:9)
  A centaur zombie (D:5)
  2 crimson imps
  2 bullfrog skeletons
  3 hounds
  A jelly (D:7)
  2 orc priests
  5 iguanas
  2 centaur skeletons
  Ijyb (D:3)
  Jessica (D:3)
  Terence (D:2)
  2 orc wizards (D:8)
  10 worker ants
  7 adders
  6 gnolls
  A howler monkey skeleton (D:7)
  2 shadow imps
  An adder zombie (D:6)
  2 adder skeletons
  3 worms
  3 dart slugs
  4 leopard geckos
  21 orcs
  4 bats
  4 giant cockroaches
  9 goblins
  12 hobgoblins
  4 jackals (D:4)
  3 quokkas
  A ball python skeleton (D:6)
  4 frilled lizards
  A jackal skeleton (D:5)
  32 kobolds
  5 rats
  4 plants (D:4)
195 creatures vanquished.

Vanquished Creatures (others)
  A plant (D:4)
1 creature vanquished.

Grand Total: 196 creatures vanquished

Notes
Turn   | Place    | Note
-------+----------+-------------------------------------------
     0 | D:1      | bli the Draconian Conjurer began the quest for the Orb.
     0 | D:1      | Reached XP level 1. HP: 14/14 MP: 3/3
   257 | D:1      | Reached XP level 2. HP: 20/20 MP: 1/5
   603 | D:1      | Reached skill level 3 in Spellcasting
   981 | D:1      | Reached XP level 3. HP: 26/26 MP: 1/7
   988 | D:1      | Learned a level 2 spell: Searing Ray
  1149 | D:2      | Noticed Terence
  1191 | D:2      | Killed Terence
  1191 | D:2      | Reached skill level 4 in Spellcasting
  1191 | D:2      | Reached XP level 4. HP: 7/34 MP: 6/10
  1414 | D:2      | Noticed an ice beast
  1438 | D:2      | Killed an ice beast
  1438 | D:2      | Reached skill level 1 in Fighting
  1438 | D:2      | Reached XP level 5. HP: 15/40 MP: 1/12
  1649 | D:2      | Learned a level 3 spell: Dazzling Spray
  2019 | D:3      | Noticed Ijyb
  2037 | D:3      | Reached skill level 5 in Spellcasting
  2298 | D:3      | Killed Ijyb
  2298 | D:3      | Reached XP level 6. HP: 44/47 MP: 13/13
  2349 | D:3      | Noticed Sigmund
  2374 | D:3      | Killed Sigmund
  2492 | D:3      | Noticed a +0 dagger
  2493 | D:3      | Found a hide-covered altar of Uskayaw.
  2494 | D:3      | Noticed a +0 dagger
  2785 | D:3      | Reached skill level 5 in Conjurations
  2805 | D:3      | Noticed Jessica
  2810 | D:3      | Killed Jessica
  2810 | D:3      | Reached skill level 6 in Spellcasting
  2900 | D:3      | Found a bloodstained altar of Trog.
  2921 | D:3      | Learned a level 1 spell: Apportation
  2983 | D:4      | Your scales start taking on a dull iron-grey colour.
  2983 | D:4      | Reached XP level 7. HP: 43/52 MP: 16/16
  2983 | D:4      | Gained mutation: You can survive without breathing. [Grey
                  | Draconian growth]
  3311 | D:4      | Found a shimmering altar of Xom.
  3312 | D:4      | Found a burning altar of Makhleb.
  4079 | D:5      | Entered Level 5 of the Dungeon
  4290 | D:5      | Reached skill level 7 in Spellcasting
  4684 | D:5      | Noticed Blork the orc
  4699 | D:5      | Killed Blork the orc
  4699 | D:5      | Reached XP level 8. HP: 61/61 MP: 17/18
  4724 | D:5      | Learned a level 4 spell: Iskenderun's Mystic Blast
  4746 | D:5      | Found Jopistis's Book Shoppe.
  5800 | D:6      | Reached skill level 8 in Spellcasting
  6097 | D:6      | Found an ornate altar of the Wu Jian Council.
  6558 | D:6      | Reached XP level 9. HP: 68/68 MP: 21/21
  6596 | D:6      | Got an ebony dagger
  6597 | D:6      | Identified the +3 dagger of Capital Punishment {freeze, rF+
                  | rC+ Stlth-} (You found it on level 6 of the Dungeon)
  6817 | D:7      | Noticed Dowan
  6823 | D:7      | Killed Dowan
  6825 | D:7      | Noticed Duvessa
  6849 | D:7      | Killed Duvessa
  7232 | D:7      | Found a staircase to the Ecumenical Temple.
  7241 | Temple   | Entered the Ecumenical Temple
  7350 | Temple   | Became a worshipper of Qazlal Stormbringer
  7541 | D:8      | Found a sparkling altar of Nemelex Xobeh.
  9023 | D:9      | Reached skill level 9 in Spellcasting
  9067 | D:9      | Reached * piety under Qazlal
  9080 | D:9      | Noticed a death yak
  9081 | D:9      | Noticed a death yak
  9081 | D:9      | Noticed a death yak
  9139 | D:9      | Slain by a death yak

Levels and vault maps discovered:
D:1:      minmay_arrival_glassed_features, layout_loops_cross
D:2:      layout_basic, uniq_terence
D:3:      layout_loops_ring, dancing_weapons_uskayaw, trog_book, uniq_ijyb,
          uniq_jessica, uniq_sigmund
D:4:      kennysheep_kobold_camp, layout_basic,
          grunt_temple_overflow_champion_of_chaos, first_ration,
          serial_bayou_lagoon_b
D:5:      layout_cave_pods, serial_shops,
          nicolae_shop_temple_entry_statues_fountains, uniq_blork_the_orc
D:6:      layout_loops_ring, basic_altar, nrook_mini_vaults,
          kennysheep_generic_room_15
D:7:      layout_cave_pools, lemuel_temple_firewalk_b, uniq_duvessa
D:8:      layout_gridville, nemelex_xobeh_ov_fountains_minmay
D:9:      layout_gridville, gammafunk_temple_overflow_elements,
          dpeg_lair_monsters, the_bakery
Temple:   eino_temple_rhombus

Skill      XL: |  1  2  3  4  5  6  7  8  9 |
---------------+----------------------------+-----
Spellcasting   | 3 4 5 6 7 8 9 |  9.1
Fighting       | 1 2 3 |  3.4
Dodging        | 2 3 4 |  4.7
Conjurations   | 5 7 8 |  8.3
Stealth        | 2 3 |  3.6
Hexes          | |  0.9

Action                   |  1- 3 |  4- 6 |  7- 9 || total
-------------------------+-------+-------+-------++-------
Melee: Unarmed           |    22 |    13 |       ||    35
       Tailslap          |     4 |     7 |    49 ||    60
       Whip              |    19 |       |       ||    19
       Dagger            |    27 |    57 |   366 ||   450
 Cast: Magic Dart        |    64 |    69 |   246 ||   379
       Searing Ray       |       |     7 |    19 ||    26
       Dazzling Spray    |       |       |    29 ||    29
       Iskenderun's Myst |       |       |    19 ||    19
 Stab: Sleeping          |       |       |     2 ||     2
       Invisible         |       |       |     4 ||     4
  Eat: Chunk             |     1 |     6 |    17 ||    24
       Ration            |       |       |     1 ||     1
Armor: Skin              |    15 |    15 |   122 ||   152
Dodge: Dodged            |    32 |    32 |   239 ||   303
Block: Other             |       |       |     1 ||     1

Table legend:
 A = Non-vault XP
 B = Vault XP
 C = Vault XP percentage of total XP
 D = Non-vault monster count
 E = Vault monster count
 F = Vault count percentage of total count
                 A         B        C        D         E       F
            +---------+---------+-------+---------+---------+-------
      Total |    4009 |     827 |  17.1 |     161 |      30 |  15.7
            +---------+---------+-------+---------+---------+-------
        D:1 |      45 |       0 |   0.0 |      19 |       0 |   0.0
        D:2 |     200 |      36 |  15.3 |      17 |       1 |   5.6
        D:3 |     124 |     306 |  71.2 |      32 |       3 |   8.6
        D:4 |     355 |     163 |  31.5 |      16 |      22 |  57.9
        D:5 |     323 |      96 |  22.9 |      11 |       1 |   8.3
        D:6 |    1156 |      12 |   1.0 |      25 |       1 |   3.8
        D:7 |     232 |     214 |  48.0 |       5 |       2 |  28.6
        D:8 |    1155 |       0 |   0.0 |      25 |       0 |   0.0
        D:9 |     419 |       0 |   0.0 |      11 |       0 |   0.0
            +---------+---------+-------+---------+---------+-------
